 Dungeon Crawl Stone Soup version 0.15-a0-1439-g2e54579 (webtiles) character file.

178 Chiseanne the Sneak (level 5, 0/38 HPs)
             Began as a Demonspawn Assassin on June 12, 2014.
             Was an Initiate of Gozag.
             Slain by an orc
             ... wielding a +0,+0 trident
              (4 damage)
             ... on Level 3 of the Dungeon.
             The game lasted 00:08:38 (2351 turns).

Chiseanne the Sneak (Demonspawn Assassin)           Turns: 2351, Time: 00:08:38

HP   0/38        AC  6     Str 11      XL: 5   Next: 32%
MP   5/5         EV 11     Int 13      God: Gozag
Gold 57          SH  0     Dex 15      Spells:  0 memorised,  4 levels left

rFire  . . .     SeeInvis .     a - +2 dagger
rCold  + . .     Clarity  .     b - +1 robe
rNeg   . . .     rCorr    .     (no shield)
rPois  .         rRot     .     (no helmet)
rElec  .         Spirit   .     d - +0 cloak
SustAb .         Warding  .     (no gloves)
rMut   .         Stasis   .     k - +1 pair of boots
Gourm  .                        (no amulet)
MR     .....                    (no ring)
                                (no ring)

@: not resistant to hostile enchantments, fairly stealthy
A: claws 1, cold resistance 1, powered by pain 1
a: Potion Petition, Call Merchant, Bribe Branch, Renounce Religion


You were on level 3 of the Dungeon.
You worshipped Gozag.
Gozag was noncommittal.
You were not hungry.

You visited 1 branch of the dungeon, and saw 3 of its levels.

You collected 133 gold pieces.
You paid 76 gold pieces to Gozag.

Inventory:

Hand weapons
 a - a +2,+2 dagger (weapon)
 e - a +0,+0 short sword
 w - a +0 blowgun
Missiles
 f - a tomahawk (quivered)
Armour
 b - a +1 robe (worn)
 d - a +0 cloak (worn)
 k - a +1 pair of boots (worn)
 q - a +0 ring mail
Comestibles
 g - a slice of pizza
 p - 3 fruits
Scrolls
 h - 2 scrolls of enchant weapon II {unknown}
 i - 2 scrolls of identify {unknown}
 j - a scroll of noise {unknown}
 n - 2 scrolls of teleportation {unknown}
Potions
 c - a potion of curing {unknown}
 l - a potion of restore abilities {unknown}
 m - 2 potions of poison {unknown}
 o - a potion of flight {unknown}


   Skills:
 - Level 2.0 Fighting
 - Level 1.7 Short Blades
 - Level 1.7 Throwing
 - Level 0.8 Dodging
 + Level 6.4 Stealth


You had 4 spell levels left.
You didn't know any spells.

Dungeon Overview and Level Annotations

Branches:
Dungeon (3/15)

Altars:
Gozag
Zin


Innate Abilities, Weirdness & Mutations

You have sharp fingernails.
Your flesh is cold resistant.
You sometimes gain a little power by taking damage.


Message History

* * * LOW HITPOINT WARNING * * *
Firing (i - inventory. (,) - cycle):
e - a poisoned needle (quivered)
Press: ? - help, Shift-Dir - straight line, f - orc
Aim: an orc, wielding a short sword and wearing a ring mail (heavily wounded)
You shoot a poisoned needle. The poisoned needle hits the orc!
The orc is poisoned.
The orc is heavily wounded.
The orc misses you. The orc hits you but does no damage.
Wield which item (- for none, * to show all)? (? for menu, Esc to quit)
a - a +2,+2 dagger (weapon)
You kill the orc!
The orc hits you from afar with a trident.
* * * LOW HITPOINT WARNING * * *
Things that are here:
a short sword; a ring mail
e - a short sword;
q - a ring mail The orc hits you from afar with a trident.
You die...
Your body crumbles into a pile of gold.

..........#.#
.#####.#.##.#
#.#.##.# #......#
###(#### #o# #o#
#.# $ #@#
###########
##.###.........#
#.##...##.#######.#
#.........# #.#
####...#### #.#
##.## #.# #.# #.#
#.# #.### #+#
##...#


You could see 2 orcs.

Vanquished Creatures
  Terence (D:3)
  4 gnolls (D:2)
  4 adders (D:2)
  3 worms
  2 giant geckos
  An orc (D:3)
  3 giant cockroaches
  8 goblins
  11 hobgoblins
  4 jackals (D:2)
  5 kobolds
  2 quokkas (D:2)
  2 ball pythons (D:2)
  7 bats
  4 giant newts
  10 rats
71 creatures vanquished.

Notes
Turn   | Place    | Note
--------------------------------------------------------------
     0 | D:1      | Chiseanne, the Demonspawn Assassin, began the quest for the Orb.
     0 | D:1      | Reached XP level 1. HP: 16/16 MP: 1/1
   155 | D:1      | Reached skill level 4 in Stealth
   206 | D:1      | Gained mutation: Your flesh is cold resistant. [demonic ancestry]
   206 | D:1      | Reached XP level 2. HP: 15/22 MP: 2/2
   709 | D:1      | Gained mutation: You sometimes gain a little power by taking damage. [demonic ancestry]
   709 | D:1      | Reached XP level 3. HP: 27/27 MP: 3/3
  1026 | D:2      | Reached skill level 5 in Stealth
  1443 | D:2      | Gained mutation: You have sharp fingernails. [demonic ancestry]
  1443 | D:2      | Reached XP level 4. HP: 33/33 MP: 4/4
  1719 | D:2      | Found an opulent altar of Gozag.
  1719 | D:2      | Found a glowing silver altar of Zin.
  1723 | D:2      | Reached skill level 6 in Stealth
  1839 | D:2      | Became a worshipper of Gozag Ym Sagoz the Greedy
  1964 | D:2      | Reached XP level 5. HP: 38/38 MP: 5/5
  2309 | D:3      | Noticed Terence
  2324 | D:3      | Killed Terence
  2351 | D:3      | Slain by an orc

Action                   |  1- 3 |  4- 6 || total
-------------------------+-------+-------++-------
Melee: Dagger            |   127 |    79 ||   206
 Fire: Blowgun           |    12 |    25 ||    37
  Use: Scroll            |     1 |       ||     1
 Stab: Sleeping          |     6 |     5 ||    11
